Description

Gate Blink Stalkers

Build Order

Get SALT Encoding   

  12  0:01  Probe (Chrono Boost)  
  13  0:11  Probe (Chrono Boost)  
  14  0:20  Pylon  
  14  0:22  Probe (Chrono Boost)  
  15  0:38  Probe (Chrono Boost)  
  15  0:39  Gateway  
  16  0:49  Probe (Chrono Boost)  
  17  0:50  Assimilator  
  17  0:59  Probe (Chrono Boost)  
  18  1:10  Probe (Chrono Boost)  
  19  1:18  Nexus  
  19  1:21  Probe (Chrono Boost)  
  20  1:30  Cybernetics Core  
  20  1:35  Probe (Chrono Boost)  
  21  1:44  Assimilator  
  21  1:45  Probe (Chrono Boost)  
  22  1:50  Pylon  
  22  1:56  Probe (Chrono Boost)  
  23  2:05  Stalker  
  23  2:07  Warp Gate  
  24  2:09  Probe (Chrono Boost)  
  26  2:21  Probe (Chrono Boost)  
  27  2:30  Probe (Chrono Boost)  
  27  2:32  Mothership Core (Chrono Boost)  
  30  2:37  Stalker  
  30  2:41  Probe (Chrono Boost)  
  33  2:51  Probe x2 (Chrono Boost)  
  34  2:56  Robotics Facility  
  35  3:01  Probe (Chrono Boost)  
  35  3:02  Probe (Chrono Boost)  
  37  3:12  Probe x2 (Chrono Boost)  
  39  3:15  Twilight Council  
  39  3:22  Probe (Chrono Boost)  
  39  3:23  Probe (Chrono Boost)  
  39  3:26  Gateway  
  41  3:27  Gateway  
  41  3:33  Probe x2 (Chrono Boost)  
  43  3:35  Pylon  
  43  3:40  Observer  
  43  3:41  Blink  
  43  3:44  Probe (Chrono Boost)  
  43  3:45  Probe (Chrono Boost)  
  43  3:47  Assimilator  
  46  3:53  Pylon  
  48  3:57  Probe x2 (Chrono Boost)  
  48  4:08  Observer  
  48  4:09  Probe x2 (Chrono Boost)  
  50  4:16  Stalker  
  53  4:21  Probe x2 (Chrono Boost)  
  55  4:25  Pylon  
  55  4:28  Stalker  
  55  4:29  Stalker  
  59  4:33  Pylon  
  59  4:35  Pylon  
  59  4:37  Nexus  
  59  4:40  Warp Prism  
  61  4:57  Stalker  
  61  4:58  Stalker x2  
  67  5:03  Pylon  
  67  5:06  Probe x2 (Chrono Boost)  
  68  5:12  Assimilator  
  68  5:15  Forge  
  68  5:18  Probe x2 (Chrono Boost)  
  70  5:22  Observer  
  70  5:23  Stalker x2  
  70  5:24  Stalker  
  77  5:30  Probe x2 (Chrono Boost)  
  77  5:33  Protoss Ground Weapons Level 1  
  79  5:36  Resonating Glaives  
  79  5:40  Pylon  
  79  5:42  Probe x2 (Chrono Boost)  
  81  5:48  Immortal  
  81  5:54  Probe (Chrono Boost)  
  81  5:55  Probe (Chrono Boost)  
  81  5:56  Adept  
  89  5:57  Adept  
  89  6:00  Adept  
  89  6:01  Probe (Chrono Boost)  
  94  6:06  Probe (Chrono Boost)  
  94  6:08  Probe (Chrono Boost)  
  96  6:13  Probe (Chrono Boost)  
  96  6:16  Gateway  
  98  6:18  Probe (Chrono Boost)  
  98  6:20  Gateway  
  98  6:23  Immortal  
  98  6:24  Gateway  
  98  6:31  Pylon  
  102  6:43  Gateway  
  102  6:44  Gateway  
  102  6:48  Photon Cannon  
  102  6:50  Pylon  
  102  6:52  Sentry x3  
  108  6:57  Immortal  
  108  7:03  Pylon  
  112  7:14  Protoss Ground Armor Level 1  
  110  7:16  Probe x3 (Chrono Boost)  
  110  7:28  Probe (Chrono Boost)  
  110  7:33  Probe (Chrono Boost)  
  110  7:34  Probe (Chrono Boost)  
  112  7:41  Probe (Chrono Boost)  
  111  7:44  Adept x2  
  111  7:47  Adept x4  
  111  7:48  Adept x2  
  111  7:50  Immortal  
  127  7:51  Pylon  
  127  7:52  Pylon  
  131  8:05  Pylon x2  
  130  8:20  Assimilator, Probe x3 (Chrono Boost)  
  130  8:21  Assimilator  
  130  8:22  Forge, Adept x4  
  130  8:26  Observer  
  135  8:43  Adept  
  135  8:44  Stalker x6  
  135  8:45  Stalker  
  135  8:46  Warp Prism  
  141  8:50  Protoss Ground Weapons Level 2  
  141  8:51  Templar Archives  
  141  8:52  Protoss Ground Armor Level 2  
  146  8:56  Probe x2 (Chrono Boost)  
  146  8:57  Probe (Chrono Boost)  
  146  9:07  Nexus  
  146  9:21  Adept x2  
  146  9:22  Stalker x5, Adept  
  162  9:26  Psionic Storm  
  162  9:42  High Templar  
  146  9:54  Adept x2  
  146  9:58  High Templar x2  
  156  10:01  Probe x3 (Chrono Boost)  
  153  10:16  Pylon  
  153  10:19  Pylon  
  147  10:22  Assimilator  
  147  10:26  Assimilator  
  139  10:32  High Templar x2, Adept  
  139  10:33  Adept x5  
  139  10:34  Immortal  
  155  10:50  Archon  
  155  10:53  Stalker x2  
  155  10:54  Stalker x3  
  143  11:04  Stalker  
  143  11:11  Stalker x2  
  121  11:22  Stalker x4  
  129  11:31  Pylon  
  129  11:32  High Templar x2  
  133  11:36  High Templar  
  133  11:38  Protoss Ground Armor Level 3  
  135  11:49  Charge  
  130  11:58  Protoss Ground Weapons Level 3  
  124  12:13  Adept x4, Probe x2 (Chrono Boost)  
  124  12:14  Adept x3  
  137  12:16  Adept  
  138  12:34  Stalker x4  
  138  12:35  Stalker x3  
  152  12:53  Stalker  
  154  12:59  Stalker x5  
  154  13:01  Adept x2  
  165  13:14  Probe x2 (Chrono Boost)  
  165  13:16  Probe (Chrono Boost)  
  140  13:31  Probe x4 (Chrono Boost)  
  140  13:33  Stalker x7  
  140  13:34  Stalker  
  149  13:43  Probe x3 (Chrono Boost)  
  149  13:46  Probe (Chrono Boost)  
  138  14:12  Probe (Chrono Boost)  
  138  14:13  High Templar x2, Probe x3 (Chrono Boost)  
  138  14:14  High Templar  
  138  14:15  Stalker x5  
  156  14:44  High Templar x2  
  156  14:45  Stalker x4  
  161  14:56  Stalker x2  
Spawning Tool Build Advisor. Get it on Overwolf

Analysis

Gate Blink Stalkers

Go to:

Details

  • Created by: DarkHeartz
  • Published on: Nov 21, 2016
  • Modified on: Nov 21, 2016
  • Patch: Pre-3.8.0
Show
View Real Time Build Order
Export as new Build Order

Comments (0)

There are no comments. Be the first!

Create an account to comment!